 Dungeon Crawl Stone Soup version 0.25-a0-614-g73ad250 (webtiles) character file.

Game seed: 2333166152557952553, levelgen mode: deterministic

116159 Faca the Warrior (level 17, -5/142 HPs)
             Began as a Human Fighter on Mar 17, 2020.
             Was the Champion of Okawaru.
             Slain by a wolf spider (9 damage)
             ... on level 3 of the Spider Nest.
             The game lasted 01:18:23 (28908 turns).

Faca the Warrior (Human Fighter)                   Turns: 28908, Time: 01:18:23

Health: -5/142     AC: 17    Str: 32 (34) XL:     17   Next: 25%
Magic:  23/24      EV: 10    Int: 11      God:    Okawaru [******]
Gold:   1223       SH: 15    Dex: 15      Spells: 16/16 levels left

rFire    + . .     SeeInvis +   X - +6 demon blade (elec)
rCold    + . .     Gourm    .   c - +1 kite shield
rNeg     + . .     Faith    .   K - +1 swamp dragon scales of the Desolation of Salt {rPois Str+3 Dex+3}
rPois    +         Spirit   .   e - +0 hat of Intercession {rElec rN+ Int+3 Slay+3}
rElec    +         Reflect  .   r - scarf {rC+ rF+}
rCorr    .         Harm     .   T - +1 pair of gloves {archery}
MR       +....                  j - +1 pair of boots
Stlth    +.........             p - amulet of regeneration
HPRegen  0.73/turn              I - +6 ring of strength
MPRegen  0.19/turn              t - ring of see invisible

@: about to teleport
A: no striking features
a: Heroism, Finesse, Renounce Religion


You were on level 3 of the Spider Nest.
You worshipped Okawaru.
Okawaru was exalted by your worship.
You were not hungry.

You visited 5 branches of the dungeon, and saw 26 of its levels.

You collected 2389 gold pieces.
You spent 1166 gold pieces at shops.

Inventory:

Hand Weapons
 F - the +12 falchion of Fuxt {drain, rF++}
   (You found it on level 12 of the Dungeon)

   A truly terrible weapon, it drains the life of those it strikes.
   It greatly protects you from fire.
 N - a +0 scimitar of flaming
 X - a +6 demon blade of electrocution (weapon)
Missiles
 g - 7 javelins
 u - 34 boomerangs (quivered)
 Q - 7 silver javelins
Armour
 c - a +1 kite shield (worn)
 e - the +0 hat of Intercession (worn) {rElec rN+ Int+3 Slay+3}
   (Okawaru gifted it to you on level 14 of the Dungeon)

   It affects your intelligence (+3).
   It affects your accuracy and damage with ranged weapons and melee attacks
   (+3).
   It insulates you from electricity.
   It protects you from negative energy.
 j - a +1 pair of boots (worn)
 r - a scarf of resistance (worn)
 w - a +1 plate armour of fire resistance
 E - the +1 chain mail of Tartarus {rF+ rCorr Str+7 Slay-3}
   (Okawaru gifted it to you on level 2 of the Spider Nest)

   It affects your strength (+7).
   It affects your accuracy and damage with ranged weapons and melee attacks
   (-3).
   It protects you from fire.
   It provides partial protection from all sources of acid and corrosion.
 J - a +1 tower shield of protection
 K - the +1 swamp dragon scales of the Desolation of Salt (worn) {rPois Str+3 Dex+3}
   (Okawaru gifted it to you on level 13 of the Dungeon)

   It affects your strength (+3).
   It affects your dexterity (+3).
   It protects you from poison.
 T - a +1 pair of gloves of archery (worn)
Jewellery
 o - an uncursed ring of protection from cold
 p - an amulet of regeneration (around neck)
 t - a ring of see invisible (right hand)
 I - a +6 ring of strength (left hand)
 O - a +4 ring of dexterity
Wands
 q - a wand of acid (7)
 x - a wand of scattershot (9)
 M - a wand of iceblast (42)
 U - a wand of digging (4)
 W - a wand of clouds (7)
Scrolls
 b - a scroll of identify
 s - 6 scrolls of fog
 v - 4 scrolls of teleportation
 C - 12 scrolls of remove curse
 D - 8 scrolls of enchant armour
 S - 2 scrolls of brand weapon
 Y - a scroll of immolation
Potions
 d - 4 potions of might
 h - 3 potions of ambrosia
 i - 3 potions of invisibility
 k - 3 potions of haste
 l - 2 potions of curing
 m - 7 potions of lignification
 n - 2 potions of flight
 B - a potion of berserk rage
 L - 2 potions of mutation
 R - 3 potions of cancellation
 V - a potion of brilliance
Comestibles
 f - 38 rations


   Skills:
 + Level 15.6 Fighting
 + Level 15.5 Long Blades
 + Level 12.5 Armour
 + Level 12.6 Shields
 + Level 9.5 Invocations


You had 16 spell levels left.
You didn't know any spells.
Your spell library contained the following spells:

 Spells                   Type           Power        Failure   Level  Hunger
 Corona                   Hex            #......      52%         1    ##.....
 Foxfire                  Conj/Fire      #...         52%         1    ##.....
 Sandblast                Erth           #.....       52%         1    ##.....
 Corpse Rot               Necr/Air       N/A          67%         2    ###....
 Passwall                 Tmut/Erth      #.......     67%         2    ###....
 Slow                     Hex            #.......     67%         2    ###....
 Sublimation of Blood     Necr           #.........   67%         2    ###....
 Conjure Flame            Conj/Fire      #.......     88%         3    ####...
 Inner Flame              Hex/Fire       #.......     88%         3    ####...
 Portal Projectile        Hex/Tloc       #.....       88%         3    ####...
 Stone Arrow              Conj/Erth      #.....       88%         3    ####...
 Cause Fear               Hex            #.........   99%         4    #####..
 Dispel Undead            Necr           #.......     99%         4    #####..
 Leda's Liquefaction      Hex/Erth       #.........   99%         4    #####..
 Petrify                  Tmut/Erth      #.......     99%         4    #####..
 Sticky Flame             Conj/Fire      #.......     99%         4    #####..
 Agony                    Necr           #.......     100%        5    ######.
 Excruciating Wounds      Chrm/Necr      #.........   100%        5    ######.
 Fireball                 Conj/Fire      #.........   100%        5    ######.
 Lee's Rapid Deconstruct  Erth           #.........   100%        5    ######.


Dungeon Overview and Level Annotations

Branches:
Dungeon (14/15)            Temple (1/1) D:7            Lair (6/6) D:9
 Shoals (0/4) Lair:2       Spider (3/4) Lair:3        Slime (0/5) Lair:5
    Orc (2/2) D:9             Elf (0/3) Orc:2        Vaults (0/5) D:14

Altars:
Ashenzari
Cheibriados
Dithmenos
Elyvilon
Fedhas
Gozag
Hepliaklqana
Kikubaaqudgha
Makhleb
Nemelex Xobeh
Okawaru
Ru
Sif Muna
Uskayaw
Vehumet
Wu Jian
Xom
Yredelemnul
Zin
The Shining One
Beogh

Shops:
D:4 :   Orc:1 (   Orc:2 !?([

Portals:
Ice
Cave: Spider:3

Annotations:
Lair:3 exclusion: oklob plant


Message History

You block the demonic crawler's attack. x2
The redback bites you but does no damage.
Okay, then.
As you read the scroll of teleportation, it crumbles to dust.
You feel strangely unstable. You block the wolf spider's attack. x2
You block the jumping spider's attack. The jumping spider misses you.
The wolf spider hits you.
* * * LOW HITPOINT WARNING * * *
The wolf spider bites you!
* * * LOW HITPOINT WARNING * * *
The demonic crawler hits you.
* * * LOW HITPOINT WARNING * * *
The demonic crawler hits you but does no damage.
You block the demonic crawler's attack. The redback bites you!
* * * LOW HITPOINT WARNING * * *
The jumping spider barely misses you.
You riposte.
You miss the jumping spider. You block the jumping spider's attack.
The wolf spider hits you but does no damage.
The wolf spider bites you!
You die...

*..#...#..#s.##.^..#.##*,*,,,,**
#^.#.#...#...##.##s...#,,,**,,,,
#^..s.......#....#....#*,.,*,,^*
#......^...°##.......#,...>,*,,,
*......###.#...°#...#...°#,***,,
*,.#.#.*,##^...#.#..^.#,,,,*,,*,
**,##..,####..#.∩.#..#..#*,,*,*,
*,*,**,*......s#s#†(.....,,,,,,,
*,*,,,,,...ss.s@#^....##..,,,,,,
*^**,,,*.#.#..(.s.......#,,***,,
***,,,,,#..^^##^#.#...#.#,,,*,*^
*,,,,*,#...^,..####....#,,*,*,,
**,,**,,.#.#*,..#* *#^#..,*,,*,,
*,*,,**,..,,,..#^** *###.,^,,,,,
****,**,.*,,,..*.,** **,,**,**
***,,***,...,.,^* **,,*,,* ****
********** *******


You could see a demonic crawler, a wolf spider (berserk), 2 jumping spiders and
3 redbacks.

Vanquished Creatures
  Kirke (Lair:4)
  2 ghost moths
  2 orc warlords (Orc:2)
  3 emperor scorpions
  6 entropy weavers
  A spark wasp (Spider:3)
  Josephine (Lair:5)
  A fire dragon (Lair:6)
  6 hydras
  Erolcha (D:12)
  A catoblepas (D:12)
  2 centaur warriors (D:14)
  An orc high priest (Orc:2)
  A queen ant (Lair:2)
  5 two-headed ogres
  Urug (D:11)
  5 skeletal warriors (D:12)
  A wizard (D:14)
  A lindwurm (Lair:6)
  2 necromancers (D:14)
  5 orb spiders
  2 orc sorcerers (Orc:2)
  16 wolf spiders
  6 ugly things (D:14)
  A manticore (D:14)
  3 moths of wrath
  3 cyclopes
  6 black mambas
  Maurice (Orc:2)
  8 elephants
  13 spiny frogs
  A torpor snail (Spider:2)
  4 rime drakes
  2 molten gargoyles (Lair:6)
  An efreet (D:12)
  6 komodo dragons
  5 demonic crawlers
  A kobold demonologist (D:12)
  3 meliai (D:12)
  8 trolls
  2 polar bears
  3 hornets
  Grinder (D:6)
  14 jumping spiders
  9 slime creatures
  19 blink frogs
  11 hippogriffs
  8 wraiths
  40 redbacks
  10 tarantellas
  8 wyverns
  38 yaks
  4 basilisks
  4 hogs (Lair:4)
  6 hungry ghosts
  13 vampire mosquitoes
  4 wargs (Orc:2)
  A steam dragon (Lair:6)
  Menkaure (D:5)
  Edmund (D:6)
  8 water moccasins
  4 hell hounds (Lair:6)
  8 soldier ants
  A hornet zombie (D:14)
  8 porcupines
  7 ice beasts
  45 orc warriors
  11 sky beasts
  An eye of draining (D:8)
  4 black bears
  3 phantoms
  18 ogres
  14 wolves
  10 centaurs
  6 crocodiles
  6 big kobolds
  A gnoll sergeant (D:8)
  A wyvern zombie (D:10)
  15 bullfrogs
  5 earth elementals (D:12)
  A wyvern skeleton (D:7)
  4 scorpions
  2 troll zombies (D:9)
  9 killer bees (D:9)
  5 wights (D:14)
  6 howler monkeys
  4 electric eels
  3 bullfrog zombies
  8 crimson imps
  A quasit (D:8)
  2 lava snakes (Lair:6)
  5 hounds
  2 jellies (D:7)
  31 orc wizards
  A bullfrog skeleton (D:4)
  29 orc priests
  Crazy Yiuf (D:6)
  2 centaur skeletons
  3 iguanas
  Jessica (D:3)
  33 worker ants
  A killer bee zombie (D:9)
  4 ogre zombies (D:9)
  2 hound zombies
  A worker ant zombie (D:6)
  Robin (D:3)
  14 adders
  13 gnolls
  5 shadow imps
  5 oozes
  An adder zombie (D:6)
  4 dart slugs
  5 leopard geckos
  127 orcs
  5 bats
  2 giant cockroaches
  13 goblins
  9 hobgoblins
  9 jackals
  4 quokkas
  5 frilled lizards
  2 goblin zombies (D:9)
  2 hobgoblin zombies (D:9)
  27 kobolds
  An orc skeleton (D:9)
  14 orc zombies (D:9)
  5 rats
  A plant (Lair:5)
947 creatures vanquished.

Vanquished Creatures (others)
  A shadow (D:14)
  A bullfrog skeleton (D:13)
  2 orcs (D:13)
  20 fungi
  4 plants
  7 toadstools (D:5)
35 creatures vanquished.

Grand Total: 982 creatures vanquished

Notes
Turn   | Place    | Note
-------+----------+-------------------------------------------
     0 | D:1      | Faca the Human Fighter began the quest for the Orb.
     0 | D:1      | Reached XP level 1. HP: 18/18 MP: 1/1
   108 | D:1      | Reached XP level 2. HP: 14/24 MP: 2/2
   947 | D:2      | Reached XP level 3. HP: 23/29 MP: 3/3
  1225 | D:2      | Reached XP level 4. HP: 37/37 MP: 4/4
  1695 | D:2      | Reached XP level 5. HP: 42/42 MP: 5/5
  1850 | D:3      | Found a shadowy altar of Dithmenos.
  2224 | D:3      | Noticed Robin
  2474 | D:3      | Killed Robin
  2474 | D:3      | Reached XP level 6. HP: 48/50 MP: 6/6
  2593 | D:3      | Noticed Jessica
  2604 | D:3      | Killed Jessica
  2604 | D:3      | Reached skill level 5 in Fighting
  2847 | D:4      | HP: 1/51 [bullfrog skeleton (2)]
  3425 | D:4      | Reached skill level 5 in Long Blades
  3484 | D:4      | Reached XP level 7. HP: 55/56 MP: 7/7
  4042 | D:4      | Found Laixat's Book Shop.
  4131 | D:5      | Entered Level 5 of the Dungeon
  4178 | D:5      | Reached XP level 8. HP: 51/65 MP: 6/8
  4535 | D:5      | Noticed Menkaure
  4561 | D:5      | Killed Menkaure
  4673 | D:5      | Noticed a slime creature
  4674 | D:5      | Noticed a slime creature
  4910 | D:5      | Reached XP level 9. HP: 65/74 MP: 7/9
  5086 | D:5      | Found a shimmering blue altar of Sif Muna.
  5573 | D:6      | Noticed Grinder
  5727 | D:6      | Killed Grinder
  5746 | D:6      | Found a glowing golden altar of the Shining One.
  5791 | D:6      | Found a shimmering altar of Xom.
  5820 | D:6      | Noticed Edmund
  5838 | D:6      | Killed Edmund
  5915 | D:6      | Got a brightly glowing mace
  5917 | D:6      | Identified the +6 mace "Xubun" {drain, Str+2} (You found it
                  | on level 6 of the Dungeon)
  5920 | D:6      | Found a runed translucent door.
  5921 | D:6      | Noticed Crazy Yiuf
  5927 | D:6      | Killed Crazy Yiuf
  6122 | D:6      | Got a pair of dazzling boots
  6133 | D:6      | Identified the +0 pair of boots "Paemanaf" {+Blink +Inv
                  | MR-} (You found it on level 6 of the Dungeon)
  6366 | D:6      | Got a fine whip
  6367 | D:6      | Identified the +7 whip "Killer Bee's Doom" {venom, SInv}
                  | (You found it on level 6 of the Dungeon)
  6866 | D:7      | Reached XP level 10. HP: 83/84 MP: 10/10
  6921 | D:7      | Reached skill level 10 in Fighting
  7206 | D:7      | Reached skill level 10 in Long Blades
  7322 | D:7      | Found a staircase to the Ecumenical Temple.
  7334 | Temple   | Entered the Ecumenical Temple
  7410 | Temple   | Became a worshipper of Warmaster Okawaru
  8123 | D:8      | Reached * piety under Okawaru
  8671 | D:9      | Reached XP level 11. HP: 84/93 MP: 8/11
  8721 | D:9      | Found a sacrificial altar of Ru.
  8748 | D:9      | Noticed a two-headed ogre
  9119 | D:9      | Reached ** piety under Okawaru
  9261 | D:9      | Found an ancient bone altar of Kikubaaqudgha.
  9263 | D:9      | Found a white marble altar of Elyvilon.
  9508 | D:9      | Found a staircase to the Orcish Mines.
  9758 | D:9      | Killed a two-headed ogre
 10112 | D:9      | Noticed a two-headed ogre
 10117 | D:9      | Killed a two-headed ogre
 10117 | D:9      | Reached skill level 5 in Armour
 10117 | D:9      | Reached skill level 5 in Shields
 10188 | D:9      | Reached *** piety under Okawaru
 10267 | D:9      | Found a staircase to the Lair.
 10462 | D:10     | Entered Level 10 of the Dungeon
 10655 | D:10     | Noticed a two-headed ogre
 10672 | D:10     | Killed a two-headed ogre
 10763 | D:10     | Reached **** piety under Okawaru
 11088 | D:11     | Noticed Urug
 11212 | D:11     | Killed Urug
 11212 | D:11     | Reached XP level 12. HP: 102/102 MP: 12/12
 11696 | D:11     | You fall into a shaft and drop 3 floors!
 11702 | D:14     | Reached ***** piety under Okawaru
 11719 | D:14     | Noticed a centaur warrior
 11754 | D:14     | Killed a centaur warrior
 11755 | D:14     | Noticed a centaur warrior
 11767 | D:14     | Killed a centaur warrior
 12132 | D:12     | Noticed a skeletal warrior
 12134 | D:12     | Noticed a skeletal warrior
 12162 | D:13     | Received a gift from Okawaru
 12229 | D:13     | Got jacinth-encrusted swamp dragon scales {god gift}
 12240 | D:13     | Identified the +1 swamp dragon scales of the Desolation of
                  | Salt {rPois Str+3 Dex+3} (Okawaru gifted it to you on level
                  | 13 of the Dungeon)
 12671 | D:11     | Noticed a two-headed ogre
 12685 | D:11     | Killed a two-headed ogre
 13087 | Lair:1   | Entered Level 1 of the Lair of Beasts
 13100 | Lair:1   | Reached XP level 13. HP: 106/109 MP: 13/13
 14155 | Lair:2   | Noticed a four-headed hydra
 14168 | Lair:2   | Killed a four-headed hydra
 14284 | Lair:2   | Found a staircase to the Shoals.
 14596 | Lair:3   | Received a gift from Okawaru
 14609 | Lair:3   | Got a slimy shortbow {god gift}
 14760 | Lair:3   | Found a hole to the Spider Nest.
 16103 | Lair:4   | Reached XP level 14. HP: 118/118 MP: 14/14
 16193 | Lair:4   | Received a gift from Okawaru
 16193 | Lair:4   | Reached ****** piety under Okawaru
 16193 | Lair:4   | Reached skill level 1 in Invocations
 16408 | Lair:4   | Noticed Kirke
 16830 | Lair:4   | Killed Kirke
 17119 | Lair:5   | Found a staircase to the Slime Pits.
 17163 | Lair:5   | Noticed Josephine
 17173 | Lair:5   | Killed Josephine
 17174 | Lair:5   | Received a gift from Okawaru
 17387 | Lair:5   | Reached skill level 10 in Shields
 17602 | Lair:5   | Reached skill level 10 in Armour
 17830 | Lair:6   | Entered Level 6 of the Lair of Beasts
 18943 | Lair:6   | Received a gift from Okawaru
 18966 | Lair:6   | Found a large runed translucent door.
 18967 | Lair:6   | Found a large runed translucent door.
 18977 | Lair:6   | Reached skill level 5 in Invocations
 18977 | Lair:6   | Reached XP level 15. HP: 85/126 MP: 18/18
 19635 | Orc:1    | Entered Level 1 of the Orcish Mines
 19635 | Orc:1    | Found Mimommut's Antique Weapon Shop.
 19734 | Orc:1    | You fall into a shaft and drop 1 floor!
 19734 | Orc:2    | Entered Level 2 of the Orcish Mines
 19788 | Orc:2    | Found a roughly hewn altar of Beogh.
 19821 | Orc:2    | Found a roughly hewn altar of Beogh.
 19974 | Orc:1    | Found a roughly hewn altar of Beogh.
 20082 | Orc:2    | Noticed Maurice
 20087 | Orc:2    | Found a staircase to the Elven Halls.
 20095 | Orc:2    | Killed Maurice
 20211 | Orc:1    | Noticed an orc warlord
 20441 | Orc:2    | Found a roughly hewn altar of Beogh.
 20599 | Orc:2    | Found a roughly hewn altar of Beogh.
 20599 | Orc:2    | Found Zemniw's Magic Scroll Emporium.
 20734 | Orc:2    | Found a roughly hewn altar of Beogh.
 20735 | Orc:2    | Found Cifol's Distillery.
 20768 | Orc:2    | Bought a potion of mutation for 112 gold pieces
 20768 | Orc:2    | Bought a potion of invisibility for 112 gold pieces
 20844 | Orc:2    | Found a roughly hewn altar of Beogh.
 20987 | Orc:2    | Noticed an orc warlord
 21024 | Orc:2    | Killed an orc warlord
 21348 | Orc:2    | Found a roughly hewn altar of Beogh.
 21638 | Orc:2    | Found Filuw's Antique Armour Shoppe.
 21648 | Orc:2    | Found Wufiup's Antique Weapon Emporium.
 21653 | Orc:2    | Found a roughly hewn altar of Beogh.
 21709 | Orc:2    | Bought a scroll of blinking for 112 gold pieces
 21709 | Orc:2    | Bought a scroll of enchant armour for 112 gold pieces
 21709 | Orc:2    | Bought a scroll of enchant armour for 112 gold pieces
 21709 | Orc:2    | Bought a scroll of enchant armour for 112 gold pieces
 21709 | Orc:2    | Bought a scroll of enchant armour for 112 gold pieces
 21709 | Orc:2    | Bought a scroll of brand weapon for 300 gold pieces
 21709 | Orc:2    | Bought a scroll of magic mapping for 52 gold pieces
 21709 | Orc:2    | Bought a scroll of identify for 30 gold pieces
 21969 | D:12     | Got an iridescent falchion
 21970 | D:12     | Identified the +12 falchion of Fuxt {drain, rF++} (You
                  | found it on level 12 of the Dungeon)
 21991 | D:12     | Received a gift from Okawaru
 21998 | D:12     | Found a blossoming altar of Fedhas.
 22700 | D:12     | Noticed Erolcha
 22722 | D:12     | Killed Erolcha
 22722 | D:12     | Received a gift from Okawaru
 24148 | D:14     | Reached XP level 16. HP: 127/134 MP: 21/21
 24185 | D:14     | Found a gate to the Vaults.
 24411 | D:14     | Found a shattered altar of Ashenzari.
 24434 | D:14     | Received a gift from Okawaru
 24437 | D:14     | Got an ancient hat {god gift}
 24448 | D:14     | Identified the +0 hat of Intercession {rElec rN+ Int+3
                  | Slay+3} (Okawaru gifted it to you on level 14 of the
                  | Dungeon)
 24725 | D:14     | Reached skill level 15 in Fighting
 25233 | Orc:1    | You fall into a shaft and drop 1 floor!
 25682 | Spider:1 | Entered Level 1 of the Spider Nest
 25777 | Spider:1 | Reached skill level 15 in Long Blades
 27491 | Spider:2 | Received a gift from Okawaru
 27501 | Spider:2 | Got an ichor-stained chain mail {god gift}
 27520 | Spider:1 | Identified the +1 chain mail of Tartarus {rF+ rCorr Str+7
                  | Slay-3} (Okawaru gifted it to you on level 2 of the Spider
                  | Nest)
 27747 | Spider:2 | Reached XP level 17. HP: 74/142 MP: 23/23
 28859 | Spider:3 | Found a frozen archway.
 28908 | Spider:3 | HP: 4/142 [redback (12)]
 28908 | Spider:3 | Slain by a wolf spider

Levels and vault maps discovered:
D:1:      dpeg_arrival_chase, layout_loops_cross
D:2:      layout_rooms
D:3:      layout_rooms, lemuel_doored_altar, first_ration, uniq_jessica,
          uniq_robin
D:4:      layout_rooms, serial_shops, shop_fountains
D:5:      cheibrodos_fertilizer, layout_basic, tgw_sif, uniq_menkaure
D:6:      layout_gridville, basic_altar, xom_teletrap_fun, uniq_grinder,
          uniq_crazy_yiuf_cottage, uniq_edmund
D:7:      minmay_octagon_keep, layout_loops_ring, minmay_temple_entry_poolview
D:8:      layout_basic
D:9:      layout_basic, kennysheep_little_box, gammafunk_temple_overflow_statue,
          grunt_lair_entry_orc_guard_hut, zombieorc1_lemuel
D:10:     minmay_evil_eye, layout_rooms, grunt_pizzeria
D:11:     layout_roguey, serial_bayou, serial_bayou_pond_e,
          serial_bayou_shore_a, serial_bayou_pond_c, serial_bayou_ford_a,
          uniq_urug
D:12:     layout_basic, basic_altar, st_stairs_10, hangedman_cracks_in_the_wall,
          uniq_erolcha
D:13:     layout_irregular_city, minmay_misc_feat_tiny,
          hangedman_abyss_or_decor_stagger, lemuel_flamethrower_3
D:14:     layout_loops_ring, david_vaults_1, ashenzari_altar_1
Temple:   regret_index_temple_mists
Lair:1:   layout_regular_city, serial_rivers, chequers_serial_rivers_small_a,
          chequers_serial_rivers_marsh, chequers_serial_rivers_micro_e,
          chequers_serial_rivers_micro_b, chequers_serial_rivers_small_a
Lair:2:   layout_hall_layers, shoals_dummy_entry
Lair:3:   layout_gridlike, nicolae_spider_entry_orb_guardian, zaba_antful_of_joy
Lair:4:   layout_hall_layers, uniq_kirke
Lair:5:   layout_long_grid, minmay_slime_entry_pillars, lemuel_fruit_tree,
          uniq_josephine
Lair:6:   cheibrodos_lair_end_hotspot, layout_hall_layers,
          infiniplex_staircase_pool_2
Spider:1: layout_spider_delve
Spider:2: layout_spider_delve, hive_lemuel
Spider:3: layout_spider_delve, portal_ice_cave_entry_pillars_2, drop_trap,
          worms_lemuel
Orc:1:    layout_diamond_mine, serial_shops, shop, basic_altar
Orc:2:    grunt_orc_community_town_hall, layout_diamond_mine,
          grunt_orc_community_big_house_1, grunt_orc_community_big_house_1,
          grunt_orc_community_house_2, grunt_orc_community_house_3,
          grunt_orc_community_house_1, grunt_orc_community_house_1,
          minmay_orc_temple_b, uniq_maurice

Skill      XL: |  1  2  3  4  5  6  7  8  9 10 11 12 13 14 15 16 |
---------------+-------------------------------------------------+-----
Long Blades    | 3 4 5 6 7 9 10 11 12 13 14 15 | 15.5
Fighting       | 4 5 6 8 9 11 12 13 14 15 | 15.6
Shields        | 6 7 9 10 11 12 | 12.6
Armour         | 6 7 9 10 11 12 | 12.5
Invocations    | 5 7 9 |  9.5

Action                   |  1- 3 |  4- 6 |  7- 9 | 10-12 | 13-15 | 16-18 || total
-------------------------+-------+-------+-------+-------+-------+-------++-------
Melee: Long sword        |    82 |   230 |   356 |   911 |   503 |       ||  2082
       Mace              |       |       |     3 |       |       |       ||     3
       Whip              |       |       |       |     6 |    47 |       ||    53
       Demon blade       |       |       |       |       |   936 |   498 ||  1434
       Scimitar          |       |       |       |       |    12 |       ||    12
Throw: Boomerang         |       |       |       |       |    14 |    15 ||    29
Invok: Heroism           |       |       |       |     1 |     3 |     3 ||     7
Evoke: Wand              |       |     1 |     8 |     1 |     2 |       ||    12
  Use: Scroll            |     4 |     4 |     5 |     9 |    13 |     8 ||    43
       Potion            |       |     2 |     2 |     1 |     2 |    11 ||    18
 Stab: Paralysed         |       |       |     3 |       |       |       ||     3
       Confused          |       |       |       |       |     2 |       ||     2
       Held in net/web   |       |       |       |       |       |     1 ||     1
  Eat: Chunk             |     1 |     8 |    11 |    24 |    32 |    11 ||    87
       Ration            |       |       |       |     1 |     2 |     2 ||     5
Armor: Scale mail        |    41 |   110 |    77 |   312 |       |       ||   540
       Chain mail        |       |       |   167 |       |       |    58 ||   225
       Swamp dragon scal |       |       |       |    44 |   513 |   243 ||   800
       Plate armour      |       |       |       |       |     6 |       ||     6
Dodge: Dodged            |    16 |    71 |    69 |   213 |   362 |   216 ||   947
Block: Kite shield       |    39 |   148 |   170 |   475 |   996 |   474 ||  2302
       Rpst.: Long sword |     8 |    19 |    21 |    68 |    44 |       ||   160
       Demon blade       |       |       |       |       |    40 |    45 ||    85

Table legend:
 A = Non-vault XP
 B = Vault XP
 C = Vault XP percentage of total XP
 D = Non-vault monster count
 E = Vault monster count
 F = Vault count percentage of total count
                 A         B        C        D         E       F
            +---------+---------+-------+---------+---------+-------
      Total |  129569 |   36373 |  21.9 |     695 |     252 |  26.6
            +---------+---------+-------+---------+---------+-------
        D:1 |      24 |       0 |   0.0 |      13 |       0 |   0.0
        D:2 |     164 |       6 |   3.5 |      30 |       3 |   9.1
        D:3 |     115 |      67 |  36.8 |      12 |      10 |  45.5
        D:4 |     526 |       0 |   0.0 |      20 |       0 |   0.0
        D:5 |     855 |     530 |  38.3 |      21 |      13 |  38.2
        D:6 |     931 |     470 |  33.5 |      12 |       3 |  20.0
        D:7 |     394 |     687 |  63.6 |      13 |      10 |  43.5
        D:8 |    2294 |       0 |   0.0 |      38 |       0 |   0.0
        D:9 |    4340 |    1456 |  25.1 |      39 |      34 |  46.6
       D:10 |    1891 |     491 |  20.6 |      15 |       2 |  11.8
       D:11 |    6848 |     843 |  11.0 |      66 |       1 |   1.5
       D:12 |    9422 |    3849 |  29.0 |      58 |      13 |  18.3
       D:13 |    3775 |       0 |   0.0 |      22 |       0 |   0.0
       D:14 |   10979 |    3143 |  22.3 |      38 |       5 |  11.6
     Lair:1 |    2062 |       0 |   0.0 |      12 |       0 |   0.0
     Lair:2 |    7057 |    1317 |  15.7 |      27 |       4 |  12.9
     Lair:3 |    6161 |    2099 |  25.4 |      21 |      28 |  57.1
     Lair:4 |    3946 |    2946 |  42.7 |      16 |       5 |  23.8
     Lair:5 |    2009 |    3264 |  61.9 |       7 |      10 |  58.8
     Lair:6 |    9342 |    8383 |  47.3 |      28 |      26 |  48.1
   Spider:1 |   23817 |       0 |   0.0 |      51 |       0 |   0.0
   Spider:2 |   19211 |       0 |   0.0 |      44 |       0 |   0.0
   Spider:3 |    5531 |       0 |   0.0 |      14 |       0 |   0.0
      Orc:1 |    2796 |       0 |   0.0 |      45 |       0 |   0.0
      Orc:2 |    5079 |    6822 |  57.3 |      33 |      85 |  72.0
            +---------+---------+-------+---------+---------+-------
